Map: 포트 알렉산더 - 래더

Players

TSGSolar (Solar) - Winner!

  • Race: Zerg Zerg
  • League: Master
  • Spawn Location: 11:00

soO

  • Race: Zerg Zerg
  • Spawn Location: 5:00

Event: IEM Season 13 - Katowice Server Qualifiers Asia 2

VOD

Have the link to the VOD?

Description

Time

  • Played on: Jan. 22, 2019, 4:17 a.m.
  • Length: 11:19

All games in this series

Show
View Real Time Build Order
Export as new Build Order

TSGSolar Zerg - Winner!

Build Orders: Hatch First 

Get SALT Encoding   

  12  0:01  Drone  
  13  0:13  Overlord  
  13  0:18  Drone  
  14  0:32  Drone x2  
  16  0:49  Hatchery  
  15  0:52  Drone  
  15  0:57  Drone  
  17  0:59  Drone  
  18  1:11  Extractor  
  17  1:16  Spawning Pool  
  16  1:18  Drone  
  16  1:22  Drone  
  18  1:30  Drone  
  19  1:45  Drone  
  20  1:55  Overlord  
  20  2:02  Queen x2  
  20  2:03  Drone x2  
  26  2:10  Metabolic Boost  
  26  2:12  Drone  
  26  2:14  Drone  
  28  2:24  Drone  
  28  2:27  Zergling x2  
  30  2:36  Hatchery  
  29  2:40  Drone  
  29  2:41  Drone  
  31  2:46  Drone  
  31  2:48  Overlord  
  32  2:54  Drone  
  32  2:56  Drone  
  34  3:00  Evolution Chamber  
  33  3:06  Drone x2  
  35  3:13  Drone x2  
  35  3:15  Zergling x4  
  35  3:17  Drone x2  
  41  3:20  Overlord  
  41  3:23  Drone  
  41  3:26  Zerg Missile Weapons Level 1  
  41  3:32  Drone  
  41  3:33  Drone  
  43  3:42  Zergling x2  
  43  3:43  Zergling x8  
  43  3:46  Roach Warren, Zergling x6  
  50  3:50  Zergling x2  
  53  3:56  Zergling x2  
  53  3:59  Zergling x2  
  53  4:01  Zergling x2  
  55  4:08  Overlord  
  55  4:14  Overlord  
  53  4:20  Hatchery  
  52  4:25  Lair  
  52  4:26  Extractor x2  
  52  4:30  Drone x3  
  52  4:31  Drone x3  
  54  4:35  Drone  
  54  4:36  Queen, Drone  
  60  4:44  Overlord  
  60  4:48  Roach  
  62  4:56  Roach x2  
  62  4:57  Overlord  
  62  4:58  Drone x2  
  68  5:06  Drone  
  69  5:08  Drone  
  69  5:09  Drone x2  
  72  5:20  Roach x2  
  76  5:23  Zerg Missile Weapons Level 2  
  76  5:27  Glial Reconstitution  
  76  5:28  Overlord  
  76  5:29  Extractor  
  76  5:30  Overlord  
  76  5:34  Roach  
  76  5:35  Overlord  
  77  5:38  Overseer  
  77  5:39  Drone x2  
  77  5:40  Overlord  
  77  5:41  Drone  
  80  5:45  Roach  
  80  5:48  Overlord  
  82  5:53  Roach x2  
  82  5:54  Roach  
  82  5:56  Roach x2  
  92  6:01  Drone  
  93  6:04  Drone x3  
  93  6:05  Pneumatized Carapace  
  93  6:07  Drone x3  
  93  6:09  Drone  
  93  6:11  Drone  
  101  6:13  Overseer  
  101  6:20  Overlord  
  101  6:24  Drone  
  101  6:25  Drone  
  103  6:26  Roach x3  
  109  6:33  Overlord  
  109  6:35  Drone x2  
  109  6:36  Drone x4  
  109  6:37  Extractor  
  109  6:38  Roach  
  109  6:39  Overlord  
  116  6:45  Roach x2  
  120  6:55  Roach  
  120  6:56  Roach x2  
  120  7:00  Overlord  
  126  7:01  Hatchery  
  126  7:04  Roach x3  
  131  7:10  Roach x3  
  131  7:11  Overlord  
  131  7:13  Overlord  
  136  7:19  Roach x3  
  136  7:22  Roach x2  
  146  7:24  Overlord  
  148  7:30  Roach  
  148  7:32  Roach  
  148  7:34  Roach  
  148  7:36  Overlord  
  152  7:37  Roach x3  
  152  7:38  Roach  
  152  7:41  Roach x2  
  152  7:43  Ravager  
  152  7:44  Ravager x3  
  168  7:47  Roach x2  
  168  7:48  Roach  
  168  7:50  Roach  
  176  7:52  Roach  
  176  7:56  Overlord  
  176  7:57  Roach x2  
  182  8:06  Roach x5  
  182  8:09  Roach  
  182  8:12  Overlord  
  194  8:17  Roach x3  
  200  8:20  Extractor  
  199  8:28  Overlord x2  
  199  8:29  Overlord  
  199  8:30  Overlord  
  199  8:35  Zerg Ground Armor Level 1  
  197  8:43  Roach  
  197  8:45  Roach  
  197  8:47  Roach x2  
  197  8:48  Roach x2  
  198  8:51  Roach  
  198  8:52  Roach  
  199  8:59  Tunneling Claws, Burrow  
  199  9:05  Ravager  
  200  9:22  Overlord  
  200  9:23  Overlord  
  199  9:28  Queen  
  199  9:31  Roach  
  198  9:33  Roach x2  
  198  9:37  Roach  
  198  9:38  Roach x9  
  192  9:43  Roach x8  
  192  9:45  Roach x2  
  180  9:50  Roach x2  
  180  9:51  Roach  
  170  9:55  Ravager x2  
  170  9:56  Ravager  
  170  9:57  Roach, Ravager  
  176  10:00  Roach  
  176  10:01  Roach  
  176  10:03  Roach x5  
  176  10:05  Roach x2  
  184  10:11  Roach x2  
  188  10:16  Roach x2  
  188  10:18  Roach x3  
  188  10:19  Roach x3  
  200  10:23  Roach x2  
  200  10:24  Roach x2  
  200  10:26  Roach  
  198  10:29  Roach  
  198  10:30  Roach  
  196  10:35  Roach x2  
  196  10:36  Roach x2  
  196  10:38  Roach x2  
  200  10:48  Extractor  
  199  10:53  Roach x2  
  199  10:54  Roach  
  199  10:56  Roach  
  200  10:58  Roach  
  200  10:59  Roach  
Show
View Real Time Build Order
Export as new Build Order

soO Zerg 

Build Orders: Hatch First 

Get SALT Encoding   

  12  0:00  Drone  
  13  0:12  Overlord  
  13  0:17  Drone  
  14  0:30  Drone x2  
  14  0:34  Drone  
  17  0:52  Hatchery  
  17  0:54  Drone  
  17  0:58  Drone  
  18  1:09  Extractor  
  17  1:13  Spawning Pool  
  17  1:15  Drone  
  17  1:20  Drone  
  18  1:28  Drone  
  19  1:42  Drone  
  20  1:49  Overlord  
  20  1:59  Queen  
  22  2:03  Queen  
  22  2:04  Drone  
  22  2:06  Drone  
  26  2:09  Metabolic Boost  
  26  2:11  Drone  
  27  2:16  Drone  
  28  2:25  Drone x2  
  30  2:35  Queen  
  32  2:37  Zergling x2  
  32  2:38  Overlord  
  32  2:43  Drone  
  34  2:47  Drone  
  35  2:53  Drone  
  35  2:58  Evolution Chamber  
  35  3:03  Overlord  
  35  3:11  Roach Warren  
  34  3:15  Zergling x8  
  34  3:16  Zergling x6  
  41  3:20  Zergling x2  
  42  3:27  Zerg Missile Weapons Level 1  
  42  3:29  Zergling x2  
  42  3:30  Zergling x2  
  44  3:42  Drone  
  44  3:43  Drone  
  44  3:46  Hatchery, Drone  
  46  3:52  Drone x2  
  48  4:00  Drone  
  48  4:03  Drone  
  48  4:04  Drone  
  47  4:11  Zergling x8  
  47  4:14  Overlord  
  51  4:21  Overlord  
  51  4:25  Overlord  
  51  4:33  Roach  
  51  4:34  Roach x3, Lair  
  59  4:44  Roach x4  
  67  4:47  Extractor  
  67  4:48  Extractor  
  67  4:50  Drone x3  
  67  4:52  Drone  
  69  4:55  Drone x2  
  69  4:58  Drone  
  72  5:01  Drone x2  
  74  5:12  Drone x2  
  74  5:13  Drone x3  
  79  5:22  Overlord  
  79  5:31  Overlord  
  79  5:33  Glial Reconstitution  
  79  5:36  Drone  
  79  5:38  Overlord, Drone x2  
  79  5:40  Zerg Missile Weapons Level 2  
  82  5:44  Roach x4  
  82  5:49  Overlord  
  90  5:52  Drone x2  
  90  5:53  Drone x2  
  94  5:59  Drone x2  
  94  6:01  Overlord  
  94  6:02  Drone x2  
  99  6:04  Drone, Overseer  
  99  6:06  Drone, Overseer  
  100  6:15  Overlord  
  100  6:16  Drone  
  105  6:18  Roach x4  
  105  6:23  Roach  
  105  6:24  Roach x2  
  113  6:28  Roach x2, Extractor  
  113  6:29  Extractor  
  115  6:33  Overlord  
  115  6:34  Overlord  
  115  6:35  Roach x2  
  119  6:43  Overlord  
  119  6:46  Drone x3  
  122  6:50  Roach  
  122  6:51  Roach x2  
  122  6:52  Overlord  
  128  6:58  Roach x3  
  128  6:59  Roach x2  
  138  7:05  Overlord  
  138  7:11  Roach x5  
  148  7:18  Roach x5  
  148  7:20  Overlord  
  158  7:23  Roach  
  158  7:26  Roach x2  
  158  7:27  Roach  
  158  7:29  Overlord  
  166  7:31  Overlord  
  166  7:39  Overlord  
  166  7:43  Overlord  
  166  7:45  Roach x3, Ravager x2  
  166  7:46  Roach  
  166  7:47  Overlord  
  176  7:56  Hatchery  
  175  8:02  Roach x5  
  185  8:08  Ravager x3  
  185  8:10  Roach x3  
  194  8:17  Roach x2  
  194  8:18  Ravager  
  199  8:44  Roach x2  
  191  8:52  Roach x6  
  200  9:01  Spine Crawler  
  199  9:34  Roach x3  
  199  9:35  Roach  
  199  9:36  Roach x4  
  199  9:37  Roach x3  
  199  9:38  Roach x2  
  195  9:39  Roach  
  195  9:41  Roach x7  
  195  9:42  Hatchery  
  182  9:47  Roach x6  
  182  9:49  Roach x2  
  150  9:55  Roach  
  152  10:01  Ravager x6  
  152  10:08  Roach  
  152  10:09  Roach x2  
  152  10:13  Roach x2  
  160  10:19  Roach  
  162  10:25  Roach x4  
  170  10:32  Roach x2  
  170  10:33  Roach  
  168  10:37  Roach x4  
  168  10:40  Roach  
  172  10:44  Roach x2  
  172  10:45  Ravager  
  172  10:48  Roach  
  169  10:54  Roach  
  169  10:55  Roach x3  
  169  10:58  Roach  

Tags
 
Add a new tag
Caveats
  • Supply blocks, unpowered buildings, or Contaminate may cause inaccurate times.
  • Supply counts are checked every 10 seconds.